Workbook

Sheet Notes of Finance
A2: Part 1 QUESTION
A4: Investment Asking Price
A5: Asking price per SF | B5: 135
A6: Purchasing cost | B6: 0.02
A7: Building Size SF | B7: 60390
A8: Tenants | B8: 3
A9: Price for Total SF | B9: =B7*B5 -> 8152650
A10: Total Asking Price | B10: =B9+(B6*B9) -> 8315703
A12: Investment Returns
A13: Tenant 1
A14: Currently renting SF | B14: 24156
A15: Annual value per SF | B15: 25
A16: Lease expiry Yrs | B16: 2
A18: Tenant 2
A19: Currently renting SF | B19: 10266
A20: Annual value per SF | B20: 23.5
A21: Lease expiry Yrs | B21: 4
A22: Annual increase | B22: 0.025
A24: Tenant 3
A25: Currently renting SF | B25: =B7-B14-B19 -> 25968
A26: Annual value per SF | B26: 22
A27: Lease expiry Yrs | B27: 6
A28: Rental increase $ per SF | B28: 2 | C28: Beginning of 2nd and 4th year
A30: Annual Investment Costs
A31: Operating Expense per SF | B31: 8.5 | C31: per year
A32: Elevator Annual Capital Reserve Expense | B32: 150000 | C32: for a period of three years
A34: Notes
A35: V&C after first lease expiry | B35: 0.05 | C35: of the PGI
A36: Increase of V&C after the expiry of the second lease | B36: 0.1 | C36: of the PGI
A38: Current annual market rate per SF | B38: 19.75
A39: Market rate of Rent decrease per year | B39: 0.035 | C39: For the next 3 years
A40: Market rate of Rent increase per year | B40: 0.025 | C40: For te next 4 years after depreciation
A42: Annual increase in Operation Cost | B42: 0.025 | C42: With inflation
A43: Landlord cover operation cost | B43: 0.25 | C43: of the remaining operating expenses
A45: Elevetor replacement cost | B45: 450000 | C45: in year 4
A47: Building Depreciation years | B47: 39 | C47: Mid year convention for 1st and last year
A48: value of improvenemts | B48: 0.8 | C48: of the purchasing price
A50: Going out cap rate | B50: 0.085
A51: Investor's return/Discount rate | B51: 0.1
A52: Selling costs | B52: 0.02 | C52: of sales price
A54: Investor's period of holding the building | B54: 5 | C54: Years
A56: Income tax | B56: 0.35
A57: Capital gains tax | B57: 0.17
A59: NB: tax depreciation recapture and pure capital gain

Sheet Yearly Cashflow
A2: Yearly Cashflows
A4: Year 0 | B4: Tenant 1 | C4: Tenant 2 | D4: Tenant 3 | E4: TOTAL
A5: Income
A6: Currently renting SF | B6: 24156 | C6: 10266 | D6: 25968 | E6: =SUM(B6:D6) -> 60390
A7: Annual value per SF | B7: 25 | C7: 23.5 | D7: 22 | E7: =SUM(B7:D7) -> 70.5
A8: Total rent per year | B8: =B6*B7 -> 603900 | C8: =C6*C7 -> 241251 | D8: =D6*D7 -> 571296 | E8: =SUM(B8:D8) -> 1416447
A10: Expense
A11: Operating expenses | B11: =-8.5*B6 -> -205326 | C11: =-8.5*C6 -> -87261 | D11: =-8.5*D6 -> -220728 | E11: =-8.5*E6 -> -513315
A12: Annual Depreciation Cost (time frame of 40 years due to mid year conventions at begining and end) | B12: =-0.5%*135*B6 -> -16305.3 | C12: =-0.5%*135*C6 -> -6929.55 | D12: =-0.5%*135*D6 -> -17528.4 | E12: =-0.5%*135*E6 -> -40763.25
A13: Elevator Capital Reserve (assume the cost is distributed evenly on all tenants) | B13: =-50000 -> -50000 | C13: -50000 | D13: -50000 | E13: =SUM(B13:D13) -> -150000
A14: Total Expense | B14: =SUM(B11:B12) -> -221631.3 | C14: =SUM(C11:C12) -> -94190.55 | D14: =SUM(D11:D12) -> -238256.4 | E14: =SUM(E11:E12) -> -554078.25
A16: Income before tax | B16: =SUM(B8:B11) -> 398574 | C16: =SUM(C8:C11) -> 153990 | D16: =SUM(D8:D11) -> 350568 | E16: =SUM(B16:D16) -> 903132
A18: Income tax | B18: =-B16*35% -> -139500.9 | C18: =-C16*35% -> -53896.5 | D18: =-D16*35% -> -122698.8 | E18: =SUM(B18:D18) -> -316096.2
A20: Income after tax | B20: =SUM(B16:B18) -> 259073.1 | C20: =SUM(C16:C18) -> 100093.5 | D20: =SUM(D16:D18) -> 227869.2 | E20: =SUM(B20:D20) -> 587035.8
A23: Year 1 | B23: Tenant 1 | C23: Tenant 2 | D23: Tenant 3 | E23: TOTAL
A24: Income
A25: Currently renting SF | B25: 24156 | C25: 10266 | D25: 25968 | E25: =SUM(B25:D25) -> 60390
A26: Annual value per SF | B26: 25 | C26: =23.5*102.5% -> 24.0875 | D26: =22+2 -> 24 | E26: =SUM(B26:D26) -> 73.0875
A27: Total rent per year | B27: =B25*B26 -> 603900 | C27: =C25*C26 -> 247282.27 | D27: =D25*D26 -> 623232 | E27: =SUM(B27:D27) -> 1474414.3
A29: Expense
A30: Operating expenses | B30: =-8.5*102.5%*B25 -> -210459.15 | C30: =-8.5*102.5%*C25 -> -89442.525 | D30: =-8.5*102.5%*D25 -> -226246.2 | E30: =-8.5*102.5%*E25 -> -526147.87
A31: Annual Depreciation Cost (time frame of 40 years due to mid year conventions at begining and end) | B31: =-0.5%*135*B25 -> -16305.3 | C31: =-0.5%*135*C25 -> -6929.55 | D31: =-0.5%*135*D25 -> -17528.4 | E31: =-0.5%*135*E25 -> -40763.25
A32: Elevator Capital Reserve (assume the cost is distributed evenly on all tenants) | B32: =-50000 -> -50000 | C32: -50000 | D32: -50000 | E32: =SUM(B32:D32) -> -150000
A33: Total Expense | B33: =SUM(B30:B31) -> -226764.45 | C33: =SUM(C30:C31) -> -96372.075 | D33: =SUM(D30:D31) -> -243774.6 | E33: =SUM(E30:E31) -> -566911.12
A35: Income before tax | B35: =SUM(B27:B30) -> 393440.85 | C35: =SUM(C27:C30) -> 157839.75 | D35: =SUM(D27:D30) -> 396985.8 | E35: =SUM(B35:D35) -> 948266.4
A37: Income tax | B37: =-B35*35% -> -137704.3 | C37: =-C35*35% -> -55243.912 | D37: =-D35*35% -> -138945.03 | E37: =SUM(B37:D37) -> -331893.24
A39: Income after tax | B39: =SUM(B35:B37) -> 255736.55 | C39: =SUM(C35:C37) -> 102595.84 | D39: =SUM(D35:D37) -> 258040.77 | E39: =SUM(B39:D39) -> 616373.16
A42: Year 2 | B42: Tenant 1 | C42: Tenant 2 | D42: Tenant 3 | E42: TOTAL
A43: Income
A44: Currently renting SF | B44: 24156 | C44: 10266 | D44: 25968 | E44: =SUM(B44:D44) -> 60390
A45: Annual value per SF | B45: - | C45: =23.5*((102.5%)^2) -> 24.689687 | D45: =22+2 -> 24 | E45: =SUM(B45:D45) -> 48.689687
A46: Total rent per year | B46: - | C46: =C44*C45 -> 253464.33 | D46: =D44*D45 -> 623232 | E46: =SUM(B46:D46) -> 876696.33
A48: Expense
A49: Operating expenses | B49: - | C49: =-8.5*((102.5%)^2)*C44 -> -91678.588 | D49: =-8.5*((102.5%)^2)*D44 -> -231902.35 | E49: =SUM(C49:D49) -> -323580.94
A50: Vacancy and Collection Loss | B50: - | C50: =-5%*C46 -> -12673.217 | D50: =-5%*D46 -> -31161.6 | E50: =-5%*E46 -> -43834.817
A51: Elevator Capital Reserve | B51: - | C51: -75000 | D51: -75000 | E51: =SUM(B51:D51) -> -150000
A52: Annual Depreciation Cost (time frame of 40 years due to mid year conventions at begining and end) | B52: - | C52: - | D52: - | E52: =-0.5%*135*E44 -> -40763.25
A53: Total Expense | B53: =SUM(B49:B52) -> 0 | C53: - | D53: - | E53: =SUM(E49:E52) -> -558179.01
A55: Income before tax | B55: =SUM(B46:B49) -> 0 | C55: - | D55: - | E55: =E46+E53 -> 318517.32
A57: Income tax | B57: =-B55*35% -> 0 | C57: - | D57: - | E57: =-E55*35% -> -111481.06
A59: Income after tax | B59: =SUM(B55:B57) -> 0 | C59: =SUM(C55:C57) -> 0 | D59: =SUM(D55:D57) -> 0 | E59: =E55+E57 -> 207036.26
A62: Year 3 | B62: Tenant 1 | C62: Tenant 2 | D62: Tenant 3 | E62: TOTAL
A63: Income
A64: Currently renting SF | B64: 24156 | C64: 10266 | D64: 25968 | E64: =SUM(B64:D64) -> 60390
A65: Annual value per SF | B65: - | C65: =23.5*((102.5%)^3) -> 25.30693 | D65: =22+2+2 -> 26 | E65: =SUM(B65:D65) -> 51.30693
A66: Total rent per year | B66: - | C66: =C64*C65 -> 259800.94 | D66: =D64*D65 -> 675168 | E66: =SUM(B66:D66) -> 934968.94
A68: Expense
A69: Operating expenses | B69: - | C69: =-8.5*((102.5%)^3)*C64 -> -93970.553 | D69: =-8.5*((102.5%)^3)*D64 -> -237699.91 | E69: =SUM(C69:D69) -> -331670.47
A70: Vacancy and Collection Loss | B70: - | C70: =-5%*C66 -> -12990.047 | D70: =-5%*D66 -> -33758.4 | E70: =-5%*E66 -> -46748.447
A71: Annual Depreciation Cost (time frame of 40 years due to mid year conventions at begining and end) | B71: - | C71: - | D71: - | E71: =-0.5%*135*E64 -> -40763.25
A72: Total Expense | B72: =SUM(B69:B71) -> 0 | C72: - | D72: - | E72: =SUM(E69:E71) -> -419182.16
A74: Income before tax | B74: =SUM(B66:B69) -> 0 | C74: - | D74: - | E74: =E66+E72 -> 515786.78
A76: Income tax | B76: =-B74*35% -> 0 | C76: - | D76: - | E76: =-E74*35% -> -180525.37
A78: Income after tax | B78: =SUM(B74:B76) -> 0 | C78: =SUM(C74:C76) -> 0 | D78: =SUM(D74:D76) -> 0 | E78: =E74+E76 -> 335261.4
A81: Year 4 | B81: Tenant 1 | C81: Tenant 2 | D81: Tenant 3 | E81: TOTAL
A82: Income
A83: Currently renting SF | B83: 24156 | C83: 10266 | D83: 25968 | E83: =SUM(B83:D83) -> 60390
A84: Annual value per SF | B84: - | C84: - | D84: =22+2+2 -> 26 | E84: =SUM(B84:D84) -> 26
A85: Total rent per year | B85: - | C85: - | D85: =D83*D84 -> 675168 | E85: =SUM(B85:D85) -> 675168
A87: Expense
A88: Operating expenses | B88: - | C88: - | D88: =-8.5*((102.5%)^3)*D83 -> -237699.91 | E88: =D88 -> -237699.91
A89: Vacancy and Collection Loss | B89: - | C89: - | D89: =-5%*D85 -> -33758.4 | E89: =-5%*E85 -> -33758.4
A90: Annual Depreciation Cost (time frame of 40 years due to mid year conventions at begining and end) | B90: - | C90: - | D90: - | E90: =-0.5%*135*E83 -> -40763.25
A91: Total Expense | B91: =SUM(B88:B90) -> 0 | C91: - | D91: - | E91: =SUM(E88:E90) -> -312221.56
A93: Income before tax | B93: =SUM(B85:B88) -> 0 | C93: - | D93: - | E93: =E85+E91 -> 362946.44
A95: Income tax | B95: =-B93*35% -> 0 | C95: - | D95: - | E95: =-E93*35% -> -127031.25
A97: Income after tax | B97: =SUM(B93:B95) -> 0 | C97: =SUM(C93:C95) -> 0 | D97: =SUM(D93:D95) -> 0 | E97: =E93+E95 -> 235915.18
A100: Year 5 | B100: Tenant 1 | C100: Tenant 2 | D100: Tenant 3 | E100: TOTAL
A101: Income
A102: Currently renting SF | B102: 24156 | C102: 10266 | D102: 25968 | E102: =SUM(B102:D102) -> 60390
A103: Annual value per SF | B103: - | C103: - | D103: =22+2+2 -> 26 | E103: =SUM(B103:D103) -> 26
A104: Total rent per year | B104: - | C104: - | D104: =D102*D103 -> 675168 | E104: =SUM(B104:D104) -> 675168
A106: Expense
A107: Operating expenses | B107: - | C107: - | D107: =-8.5*((102.5%)^3)*D102 -> -237699.91 | E107: =D107 -> -237699.91
A108: Vacancy and Collection Loss | B108: - | C108: - | D108: =-5%*D104 -> -33758.4 | E108: =-5%*E104 -> -33758.4
A109: Annual Depreciation Cost (time frame of 40 years due to mid year conventions at begining and end) | B109: - | C109: - | D109: - | E109: =-0.5%*135*E102 -> -40763.25
A110: Total Expense | B110: =SUM(B107:B109) -> 0 | C110: - | D110: - | E110: =SUM(E107:E109) -> -312221.56
A112: Income before tax | B112: =SUM(B104:B107) -> 0 | C112: - | D112: - | E112: =E104+E110 -> 362946.44
A114: Income tax | B114: =-B112*35% -> 0 | C114: - | D114: - | E114: =-E112*35% -> -127031.25
A116: Income after tax | B116: =SUM(B112:B114) -> 0 | C116: =SUM(C112:C114) -> 0 | D116: =SUM(D112:D114) -> 0 | E116: =E112+E114 -> 235915.18

Sheet Discounted Cashflow Analysis
B1: Discounted Income Cashflow
A3: Annual Interest Rate | B3: 0.075
A5: Year | B5: Income after tax | C5: Discounted Income after tax
A6: 0 | B6: ='Yearly Cashflow'!E20 -> 587035.8 | C6: =B6*(1+B3)^-A6 -> 587035.8
A7: 1 | B7: ='Yearly Cashflow'!E39 -> 616373.16 | C7: =B7*(1+B3)^-A7 -> 573370.38
A8: 2 | B8: ='Yearly Cashflow'!E59 -> 207036.26 | C8: =B8*(1+B3)^-A8 -> 179155.23
A9: 3 | B9: ='Yearly Cashflow'!E78 -> 335261.4 | C9: =B9*(1+B3)^-A9 -> 269872.21
A10: 4 | B10: ='Yearly Cashflow'!E97 -> 235915.18 | C10: =B10*(1+B3)^-A10 -> 176653.41
A11: 5 | B11: ='Yearly Cashflow'!E116 -> 235915.18 | C11: =B11*(1+B3)^-A11 -> 164328.76
A13: NPV | C13: =SUM(C6:C11) -> 1950415.8
A15: IRR | B15: =IRR(B6:B11,B18) -> #NUM!
